 Dungeon Crawl Stone Soup version 0.24-a0-652-g46ecf6d (webtiles) character file.

Game seed: 12699654746218633267, levelgen mode: deterministic

13 Charmandara the Caller (level 2, -1/20 HPs)
             Began as a Hill Orc Summoner on Sept 26, 2019.
             Slain by a jackal (3 damage)
             ... on level 1 of the Dungeon.
             The game lasted 00:00:49 (311 turns).

Charmandara the Caller (Hill Orc Summoner)           Turns: 311, Time: 00:00:49

Health: -1/20      AC:  2    Str: 10    XL:     2   Next: 37%
Magic:  2/4        EV: 12    Int: 15    God:
Gold:   38         SH:  0    Dex: 11    Spells: 3/4 levels left

rFire    . . .     SeeInvis .   f - +0 club
rCold    . . .     Gourm    .   (no shield)
rNeg     . . .     Faith    .   a - +0 robe
rPois    .         Spirit   .   (no helmet)
rElec    .         Reflect  .   (no cloak)
rCorr    .         Harm     .   (no gloves)
MR       .....                  (no boots)
Stlth    ++........             (no amulet)
HPRegen  0.06/turn              (no ring)
MPRegen  0.09/turn              (no ring)

@: no status effects
A: no striking features
a: no special abilities


You were on level 1 of the Dungeon.
You were not hungry.

You visited 1 branch of the dungeon, and saw 1 of its levels.

You collected 38 gold pieces.

Inventory:

Hand Weapons
 d - a +0 hunting sling
   (You found it on level 1 of the Dungeon)
 f - a +0 club (weapon)
   (You took it off a goblin on level 1 of the Dungeon)
Armour
 a - a +0 robe (worn)
Scrolls
 e - a scroll of enchant weapon {unknown}
 g - a scroll of magic mapping {unknown}
 h - a scroll of teleportation {unknown}
Comestibles
 b - a chunk of flesh {@w0}
 c - a ration


   Skills:
 - Level 1.5 Dodging
 - Level 1.5 Stealth
 - Level 1.5 Spellcasting
 + Level 4.6 Summonings


You had 3 spell levels left.
You knew the following spells:

 Your Spells              Type           Power        Failure   Level  Hunger
a - Summon Small Mammal   Summ           ###.         3%          1    ##.....

Your spell library contained the following spells:

 Spells                   Type           Power        Failure   Level  Hunger
 Call Imp                 Summ           ###.....     5%          2    ###....
 Call Canine Familiar     Summ           ###.....     11%         3    ####...
 Summon Guardian Golem    Hex/Summ       #.......     26%         3    ####...
 Summon Ice Beast         Ice/Summ       #.......     65%         4    #####..
 Summon Lightning Spire   Summ/Air       #.......     65%         4    #####..


Dungeon Overview and Level Annotations

Branches:
Dungeon (1/15)

Altars:


Message History

A goblin comes into view.
The goblin shouts!
A goblin is nearby!
The goblin hits you.
You take 1 damage, and have 13/20 hp.
You now have 2/4 mp.
Unknown command.
Unknown command.
You hit the goblin.
You kill the goblin!
You swap places.
You see here a goblin corpse.
You swap places.
A hobgoblin and a dart slug come into view.
The hobgoblin shouts!
There are monsters nearby!
A rat comes into view.
The dart slug launches a dart at you. The slug dart misses you.
The dart slug launches a dart at you. The slug dart misses you.
The rat bites you.
You take 1 damage, and have 13/20 hp.
You now have 2/4 mp.
Unknown command.
Unknown command.
Your bat hits the rat but does no damage.
Your bat closely misses the rat.
Your rat bites the dart slug but does no damage.
You see here 16 arrows.
You hit the dart slug.
Your bat hits the rat but does no damage.
Your bat barely misses the rat.
The rat misses you.
Your bat hits the hobgoblin but does no damage.
Your rat bites the dart slug.
The dart slug bites you. The hobgoblin closely misses your bat.
You take 1 damage, and have 12/20 hp.
You hit the dart slug.
Your bat hits the dart slug but does no damage.
Your bat hits the rat.
Your bat barely misses the rat.
The rat bites you.
Your rat bites the dart slug.
Your bat barely misses the hobgoblin.
The dart slug barely misses you.
You take 2 damage, and have 10/20 hp.
You hit the dart slug.
You kill the dart slug!
Your bat closely misses the rat.
Your bat hits the rat but does no damage.
The rat barely misses you. The hobgoblin closely misses you.
Your bat hits the rat but does no damage.
The rat bites you.
You take 1 damage, and have 9/20 hp.
Your bat hits the rat.
Your bat hits the rat but does no damage. x2
The hobgoblin closely misses you.
Your bat hits the rat but does no damage.
The rat misses your bat.
Your rat completely misses the rat.
You see here a dart slug corpse.
You hit the hobgoblin but do no damage. Your bat hits the rat.
The rat dies!
Your bat hits the hobgoblin but does no damage.
The hobgoblin barely misses you.
Your rat bites the hobgoblin but does no damage.
You barely miss the hobgoblin.
Your bat barely misses the hobgoblin.
Your bat closely misses the hobgoblin.
The hobgoblin hits you but does no damage.
Your rat barely misses the hobgoblin.
You completely miss the hobgoblin.
Your bat hits the hobgoblin but does no damage.
Your bat hits the hobgoblin. The hobgoblin hits you with a +0 club.
* * * LOW HITPOINT WARNING * * *
Your rat bites the hobgoblin but does no damage.
The hobgoblin hits you with a +0 club.
* * * LOW HITPOINT WARNING * * *
You take 7 damage, and have 3/20 hp.
MASSIVE DAMAGE!!
You swap places.
A jackal comes into view.
Your bat hits the hobgoblin.
Your bat closely misses the hobgoblin.
Your rat bites the hobgoblin.
Your bat misses the hobgoblin.
Your bat barely misses the hobgoblin.
Your bat closely misses the hobgoblin.
Your rat barely misses the hobgoblin.
The hobgoblin closely misses your rat.
The jackal barks!
Your bat disappears in a puff of smoke! x2
Your rat barely misses the hobgoblin.
The hobgoblin closely misses your rat.
A jackal comes into view.
Your rat bites the hobgoblin.
A jackal comes into view.
The hobgoblin hits your rat with a +0 club.
Your rat dies!
Your rat's corpse disappears in a puff of smoke!
The hobgoblin shouts!
You hear a shout!
A jackal comes into view.
You now have 2/4 mp.
Unknown command.
You hit the hobgoblin.
You kill the hobgoblin!
Your rat bites the jackal but does no damage.
You hit the jackal. The jackal bites you.
* * * LOW HITPOINT WARNING * * *
The jackal bites your rat.
Your rat misses the jackal. The jackal bites you.
You die...

. #.############
#..h.....#...# #
........†#...#.#
.....h..)..#.#.#####
......rh@†..........
####.....#.#.#.####
........#.#.#
#...#####)#.#######.
#... ..#.†.......
#.### #####.########
#. #..#.........#..#
#.#...........#.# #.
##.....#.#.....##


You could see 3 jackals and a friendly rat.

Vanquished Creatures
  A dart slug (D:1)
  A goblin (D:1)
  2 hobgoblins (D:1)
  A kobold (D:1)
5 creatures vanquished.

Vanquished Creatures (collateral kills)
  An ooze (D:1)
  A goblin (D:1)
  A frilled lizard (D:1)
  A rat (D:1)
4 creatures vanquished.

Grand Total: 9 creatures vanquished

Notes
Turn   | Place    | Note
-------+----------+-------------------------------------------
     0 | D:1      | Charmandara the Hill Orc Summoner began the quest for the
                  | Orb.
     0 | D:1      | Reached XP level 1. HP: 14/14 MP: 3/3
   281 | D:1      | Reached XP level 2. HP: 14/20 MP: 2/4
   303 | D:1      | HP: 5/20 [hobgoblin/+0 club (5)]
   311 | D:1      | HP: 2/20 [jackal (1)]
   311 | D:1      | Slain by a jackal

Levels and vault maps discovered:
D:1:      matt_arrival_grand_opening, layout_basic

Action                   || total
-------------------------++-------
Melee: Unarmed           ||    19
       Club              ||    11
 Cast: Summon Small Mamm ||     9
Armor: Robe              ||     1
Dodge: Dodged            ||    22

Table legend:
 A = Non-vault XP
 B = Vault XP
 C = Vault XP percentage of total XP
 D = Non-vault monster count
 E = Vault monster count
 F = Vault count percentage of total count
                 A         B        C        D         E       F
            +---------+---------+-------+---------+---------+-------
      Total |      19 |       0 |   0.0 |       9 |       0 |   0.0
            +---------+---------+-------+---------+---------+-------
        D:1 |      19 |       0 |   0.0 |       9 |       0 |   0.0
            +---------+---------+-------+---------+---------+-------

Levels and vault maps discovered:
D:1:      matt_arrival_grand_opening, layout_basic

Table legend:
 A = Turns spent in this place as a percentage of turns spent in the entire game.
 B = Non-inter-level travel turns spent in this place as a percentage of non-inter-level travel turns spent in the entire game.
 C = Inter-level travel turns spent in this place as a percentage of turns spent in this place.
 D = Turns resting spent in this place as a percentage of non-inter-level travel turns spent in this place.
 E = Turns spent auto-exploring this place as a percentage of non-inter-level travel turns spent in this place.
 F = Non-inter-level travel turns spent in this place divided by the number of levels of this place that you've seen.
                   A       B       C       D       E      F
               +-------+-------+-------+-------+-------+----------------------
         Total | 100.0 | 100.0 |   0.0 |   7.7 |  58.8 | 311.0
       Dungeon | 100.0 | 100.0 |   0.0 |   7.7 |  58.8 | 311.0
               +-------+-------+-------+-------+-------+----------------------

Table legend:
 A = Kills in this place as a percentage of kills in entire the game.
 B = Kills by you in this place as a percentage of kills by you in the entire game.
 C = Kills by friends in this place as a percentage of kills by friends in the entire game.
 D = Other kills in this place as a percentage of other kills in the entire game.
 E = Experience gained in this place as a percentage of experience gained in the entire game.
 F = Experience gained in this place divided by the number of levels of this place that you have seen.
                   A       B       C       D       E      F
               +-------+-------+-------+-------+-------+----------------------
         Total | 100.0 | 100.0 | 100.0 |   N/A | 100.0 |  19.0
       Dungeon | 100.0 | 100.0 | 100.0 |   N/A | 100.0 |  19.0
               +-------+-------+-------+-------+-------+----------------------
